 Dungeon Crawl Stone Soup version 0.17-a0-1368-g6ab37f2 (webtiles) character file.

2975 bal the Chiller (level 9, 0/62 HPs)
             Began as a Vampire Ice Elementalist on June 12, 2015.
             Was an Initiate of Gozag.
             Slain by a killer bee (7 damage)
             ... on level 8 of the Dungeon.
             The game lasted 00:39:02 (5770 turns).

bal the Chiller (Vampire Ice Elementalist)          Turns: 5770, Time: 00:39:02

Health: 0/62       AC: 11    Str:  9    XL:     9   Next: 53%
Magic:  13/18      EV: 15    Int: 20    God:    Gozag
Gold:   665        SH:  0    Dex: 15    Spells: 4 memorised, 11 levels left

rFire  . . .     SeeInvis +     b - +2 whip (elec)
rCold  + + .     Clarity  .     o - +3 leather armour
rNeg   + + +     SustAt   .     (no shield)
rPois  ∞         Gourm    .     l - +2 hat
rElec  .         Spirit   .     (no cloak)
rCorr  .         Warding  .     (no gloves)
rMut   .         Stasis   .     s - +0 pair of boots
MR     .....                    (no amulet)
Stlth  ++++......               (no ring)
                                (no ring)

@: very slightly contaminated, bloodless, non-regenerating, hasted, very quick,
not resistant to hostile enchantments, stealthy
A: fangs 3, yellow scales 1, see invisible, strong 1, unbreathing
a: Bat Form, Potion Petition, Call Merchant, Bribe Branch, Renounce Religion


You were on level 8 of the Dungeon.
You worshipped Gozag.
Gozag was noncommittal.
You were bloodless.

You visited 2 branches of the dungeon, and saw 9 of its levels.

You collected 989 gold pieces.
You paid 324 gold pieces to Gozag.

Inventory:

Hand weapons
 a - a +1 dagger of venom
 b - a +2 whip of electrocution (weapon)
 i - a +0 hunting sling
 r - a +0 dagger of distortion
 x - a +0 short sword of venom
Missiles
 h - 19 tomahawks (quivered)
Armour
 d - a +0 robe
 f - the +5 ring mail of Kuseifri {Str+3, unknown}
   (You found it on level 4 of the Dungeon)

   It affects your strength (+3).
 l - a +2 hat (worn)
 o - a +3 leather armour (worn)
 s - a +0 pair of boots (worn)
 t - a +0 helmet
Magical staves
 w - an uncursed staff of summoning
Jewellery
 k - an uncursed ring of fire
Magical devices
 p - a wand of flame (16)
 q - a wand of fire (0)
Scrolls
 c - 2 scrolls of recharging {unknown}
 e - a scroll of teleportation
 u - a scroll of amnesia {unknown}
 y - a scroll of fog
Potions
 g - 3 potions of curing
 n - a potion of haste
Books
 j - a book of Frost

   Spells                             Type                      Level
   a - Freeze                         Ice                          1
   b - Throw Frost                    Conjuration/Ice              2
   c - Ozocubu's Armour               Charms/Ice                   3
   d - Throw Icicle                   Conjuration/Ice              4
   e - Summon Ice Beast               Ice/Summoning                4
   f - Condensation Shield            Ice                          4


   Skills:
 + Level 2.5 Fighting
 + Level 2.3 Maces & Flails
 + Level 1.1 Throwing
 + Level 2.3 Armour
 + Level 6.7 Dodging
 + Level 5.8 Stealth
 + Level 6.5 Spellcasting
 + Level 1.9 Conjurations
 + Level 1.5 Charms
 + Level 0.6 Summonings
 + Level 7.0 Ice Magic
 + Level 0.5 Evocations


You had 11 spell levels left.
You knew the following spells:

 Your Spells              Type           Power        Failure   Level  Hunger
a - Freeze                Ice            ####         1%          1    None
b - Throw Frost           Conj/Ice       ###...       3%          2    None
c - Ozocubu's Armour      Chrm/Ice       ###.....     10%         3    #......
d - Summon Ice Beast      Ice/Summ       ###.....     34%         4    ###....


Dungeon Overview and Level Annotations

Branches:
Dungeon (8/15)             Temple (1/1) D:4
   Lair: D:8-11

Altars:
Ashenzari
Cheibriados
Dithmenos
Elyvilon
Fedhas
Gozag
Kikubaaqudgha
Makhleb
Nemelex Xobeh
Okawaru
Qazlal
Ru
Sif Muna
Trog
Vehumet
Xom
Yredelemnul
Zin
The Shining One


Innate Abilities, Weirdness & Mutations

You do not heal naturally.
You are immune to poison.
You have razor-sharp teeth.
You have supernaturally acute eyesight.
You can survive without breathing.
You are partially covered in yellow scales (AC +2).
Your muscles are strong. (Str +2)


Message History

The killer bee barely misses you. The killer bee closely misses you.
Things that are here:
a dagger; a cloak The bat hits you but does no damage.
The bat hits you but does no damage. The killer bee closely misses you.
The bat hits you but does no damage. The bat barely misses you.
Found a royal jelly.
A queen bee comes into view.
The killer bee is distracted by your gold.
The bat misses you. The killer bee barely misses you.
Found 2 royal jellies.
A killer bee comes into view.
The bat completely misses you.
The killer bee is distracted by your gold.
Found a long sword.
The killer bee is no longer distracted by gold.
The bat is distracted by your gold. The killer bee stings you!
You die...
Your body crumbles into a pile of gold.

## #...# #.).#
#...# #...##
#.####yy..#####
#......#......
####..........
##yb...####
#.@.### #...y#
#..##%# #..#
#%# ...# #y#
....# #%# ..)..
#y ......


You could see a queen bee (sleeping), 5 killer bees and a bat.

Vanquished Creatures
  Maurice (D:8)
  Sigmund (D:4)
  A water moccasin (D:8)
  A hippogriff (D:7)
  2 ice beasts
  2 orc warriors (D:7)
  A black bear (D:7)
  A phantom (D:4)
  2 sky beasts
  2 centaurs
  2 ogres
  2 giant frogs
  2 scorpions (D:4)
  2 hounds
  4 orc priests
  A centaur skeleton (D:5)
  A crimson imp (D:5)
  5 orc wizards
  A giant frog zombie (D:5)
  A giant frog skeleton (D:7)
  3 iguanas
  3 worker ants (D:4)
  A hound skeleton (D:4)
  A hound zombie (D:6)
  A worker ant zombie (D:5)
  11 adders
  7 gnolls
  A shadow imp (D:7)
  2 oozes
  An adder zombie (D:7)
  3 worms
  3 adder skeletons
  9 giant geckos
  29 orcs
  7 bats
  5 giant cockroaches
  15 goblins
  11 hobgoblins
  11 jackals
  8 kobolds
  A ball python (D:1)
  A giant cockroach zombie (D:5)
  A giant gecko skeleton (D:7)
  A giant gecko zombie (D:5)
  5 giant newts
  A jackal skeleton (D:4)
  A jackal zombie (D:5)
  3 quokkas
  A quokka zombie (D:5)
  11 rats
193 creatures vanquished.

Vanquished Creatures (collateral kills)
  A gnoll (D:6)
1 creature vanquished.

Vanquished Creatures (others)
  5 toadstools (D:1)
5 creatures vanquished.

Grand Total: 199 creatures vanquished

Notes
Turn   | Place    | Note
--------------------------------------------------------------
     0 | D:1      | bal the Vampire Ice Elementalist began the quest for the Orb.
     0 | D:1      | Reached XP level 1. HP: 13/13 MP: 3/3
   145 | D:1      | Reached XP level 2. HP: 7/19 MP: 3/5
   760 | D:1      | Learned a level 2 spell: Throw Frost
   821 | D:2      | Found a faded altar to an unknown god.
   829 | D:2      | Reached XP level 3. HP: 22/24 MP: 6/6
  1289 | D:2      | Reached XP level 4. HP: 30/30 MP: 2/8
  1730 | D:3      | Reached skill level 4 in Stealth
  1777 | D:3      | Learned a level 3 spell: Ozocubu's Armour
  1824 | D:3      | Reached XP level 5. HP: 30/35 MP: 5/9
  1992 | D:3      | Gained mutation: You are partially covered in yellow scales (AC +2). [potion of mutation]
  1992 | D:3      | Gained mutation: Your muscles are strong. (Str +2) [potion of mutation]
  2368 | D:4      | Got a spiked ring mail
  2397 | D:4      | Noticed a phantom
  2437 | D:4      | Killed a phantom
  2471 | D:4      | Reached skill level 1 in Armour
  2471 | D:4      | Reached XP level 6. HP: 33/42 MP: 7/11
  2515 | D:4      | Found a staircase to the Ecumenical Temple.
  2521 | Temple   | Entered the Ecumenical Temple
  2701 | Temple   | Became a worshipper of Gozag Ym Sagoz the Greedy
  2888 | D:4      | Learned a level 4 spell: Summon Ice Beast
  2902 | D:4      | Reached skill level 1 in Fighting
  3030 | D:4      | Reached skill level 5 in Stealth
  3073 | D:4      | Noticed Sigmund
  3114 | D:4      | Killed Sigmund
  3114 | D:4      | Reached skill level 5 in Ice Magic
  3114 | D:4      | Reached XP level 7. HP: 43/48 MP: 5/13
  3389 | D:5      | Entered Level 5 of the Dungeon
  3527 | D:5      | Reached skill level 1 in Conjurations
  3641 | D:5      | Reached skill level 1 in Maces & Flails
  3641 | D:5      | Reached skill level 5 in Spellcasting
  3641 | D:5      | Reached XP level 8. HP: 23/54 MP: 11/15
  4307 | D:6      | Found a glowing silver altar of Zin.
  4307 | D:6      | Found an iron altar of Okawaru.
  4308 | D:6      | Found a shimmering altar of Xom.
  4351 | D:6      | Reached skill level 5 in Dodging
  4460 | D:6      | Reached skill level 6 in Ice Magic
  4839 | D:7      | Reached skill level 1 in Throwing
  4839 | D:7      | Reached skill level 1 in Charms
  5031 | D:7      | Reached XP level 9. HP: 32/61 MP: 15/17
  5492 | D:7      | HP: 2/62 [orc warrior/mace (18)]
  5678 | D:8      | Noticed Maurice
  5705 | D:8      | Killed Maurice
  5745 | D:8      | Reached skill level 7 in Ice Magic
  5770 | D:8      | Slain by a killer bee

Vault maps used:
D:1:      ldierk_walled_garden, minmay_unequal
D:2:      ecumenical_altar_2
D:4:      minmay_temple_entry_hall, first_bread, feat_on_display, uniq_sigmund
D:5:      portal_sewer_entry_d
D:6:      gammafunk_temple_overflow_claw
D:8:      special_room, david_nohive_1, uniq_maurice
Temple:   nicolae_temple_elliptical

Action                   |  1- 3 |  4- 6 |  7- 9 || total
-------------------------+-------+-------+-------++-------
Melee: Dagger            |    35 |    14 |       ||    49
       Unarmed           |     5 |       |       ||     5
       Whip              |    16 |    67 |   274 ||   357
Throw: Tomahawk          |     3 |     5 |     9 ||    17
 Cast: Freeze            |    25 |    38 |    42 ||   105
       Throw Frost       |     4 |    19 |    34 ||    57
       Ozocubu's Armour  |       |     5 |     5 ||    10
       Summon Ice Beast  |       |       |     2 ||     2
Invok: Potion Petition   |       |     1 |     1 ||     2
Evoke: Wand              |       |       |     9 ||     9
  Use: Potion            |     5 |    10 |     9 ||    24
       Scroll            |     3 |     7 |     5 ||    15
 Stab: Sleeping          |     6 |    13 |     3 ||    22
       Distracted        |       |       |     1 ||     1
